Unix NetHack Version 5.0.0-0 post-release - last build Jun 10 2026 00:39:30 (3ee93aec679c4c4259841fe613dc97188e26a321,branch:main).

Game began 2026-06-12 13:11:16, ended 2026-06-12 13:33:10.

Ch3Begorrah, chaotic male human Rogue

            -------
            |......     s  o
            |.....|      #
            |....^-      #
            |.....|  ### #
            |....>.######(######0
            -------    #-.---------         |
                       #..@........     ....|
                        |f........|      ----
                        |.........|
                        |F........|
                        -----------

Ch3Begorrah the Rogue   St:13 Dx:17 Co:14 In:9 Wi:14 Ch:8  Chaotic
Dlvl:6  $:110 HP:0(39) Pw:29(29) AC:3  Xp:6 T:2377 

Latest messages:
 You drop an empty uncursed sack.
 You put 4 clear potions into the sack.
 You put an uncursed potion of gain ability into the sack.
 You put 2 uncursed potions of sickness into the sack.
 You put a potion of sleeping into the sack.
 You put a cursed potion of speed into the sack.
 You are beginning to feel hungry.
 What do you want to drink? [w or ?*] w
 What do you want to eat? [noqxyD or ?*] r
 You cannot eat that!
 What do you want to eat? [noqxyD or ?*] ?
 This food really hits the spot!
 The centipede turns to flee.
 You finish eating the food ration.
 You put a cloth spellbook into the sack.
 You put a thick spellbook into the sack.
 You put a pick-axe into the sack.
 Your movements are now unencumbered.
 What do you want to use or apply? [egoFNRVX or ?*] V
 Your lamp is now on.
 What do you want to read? [atS or ?*] ?
 As you read the scroll, it disappears.
 Your hands begin to glow red.
 The jaguar turns to flee.
 You strike the jaguar from behind!
 Your hands no longer glow so brightly red.
 The jaguar appears confused.
 The centipede bites!
 The jaguar hits!
 The jaguar hits again!
 The jaguar bites!
 What do you want to write with? [- sGHLMOQTW or ?*] -
 Do you want to add to the current engraving? [ynq] (y) n
 You wipe out the message that was written in the dust here.
 You write in the dust with your fingertip.
 What do you want to write in the dust here? Elbereth
 Something is written here in the dust.
 You read: "Elbereth".
 You see here an uncursed sack containing 8 items.
 The centipede turns to flee.
 You don't have anything to drink.
 i - a potion of sleeping.
 What do you want to throw? [$H or ?*] i
 In what direction? j
 The flask crashes on the jaguar's head and breaks into shards.
 The potion of sleeping evaporates.
 The jaguar falls asleep.
 The jaguar hits!
 You die...
 Do you want your possessions identified? [ynq] (y) q

Inventory:
 Coins    ('$')
  $ - 110 gold pieces
 Weapons  (')')
  H - 13 +0 daggers (at the ready)
  s - a cursed -1 elven dagger (weapon in right hand)
 Armor    ('[')
  v - an uncursed +0 orcish helm (being worn)
  I - an uncursed +0 pair of iron shoes (being worn)
  J - an uncursed +0 dwarvish cloak (being worn)
  c - a blessed +2 leather armor (being worn)
 Comestibles  ('%')
  D - an uncursed slime mold
  o - an uncursed eucalyptus leaf
  q - an uncursed food ration
  y - an uncursed orange
  n - an uncursed lichen corpse
  x - an uncursed lizard corpse
 Scrolls  ('?')
  S - an uncursed scroll of create monster
  a - an uncursed scroll of identify
 Tools    ('(')
  g - an uncursed blindfold
  X - an uncursed brass lantern
  e - an uncursed lock pick
  F - an uncursed lock pick
  V - an uncursed oil lamp (lit)
  R - an uncursed tallow candle
  N - an uncursed wax candle
 Gems/Stones  ('*')
  O - 2 uncursed amber stones
  T - an uncursed jasper stone
  L - an uncursed worthless piece of black glass
  M - 2 uncursed worthless pieces of blue glass
  G - 2 uncursed worthless pieces of green glass
  W - a cursed worthless piece of red glass
  Q - 2 uncursed worthless pieces of yellowish brown glass

Ch3Begorrah the Rogue's attributes:

Background:
 You were a Rogue, level 6 male human.
 You were chaotic, nominally on a mission for Kos
 who was opposed by Issek (lawful) and Mog (neutral).
 You were right-handed.
 You were in the Dungeons of Doom, on level 6.
 You entered the dungeon 2377 turns ago.
 You had 326 experience points, 314 more were needed to attain level 7.

Basics:
 You had 0 out of 39 hit points.
 You had all 29 energy points (spell power).
 Your armor class was 3.
 Your wallet contained 110 zorkmids.
 Autopickup was on for '$!/(' plus thrown, with exceptions.

Final Characteristics:
 Your strength was 13 (limit:18/100).
 Your dexterity was 17 (limit:18).
 Your constitution was 14 (limit:18).
 Your intelligence was 9 (limit:18).
 Your wisdom was 14 (limit:18).
 Your charisma was 8 (limit:18).

Final Status:
 You weren't hungry.
 You were unencumbered.
 You were wielding a dagger.
 You were skilled in dagger.

Final Attributes:
 You were piously aligned.
 Your items were somewhat protected from fire.
 Your items were somewhat protected from cold.
 You saw invisible.
 You were sensing the presence of monsters.
 You would have confused monsters when hitting them.
 You were stealthy.
 You were warded.
 You are dead.

Miscellaneous:
 You didn't encounter any bones levels.
 Total elapsed playing time was 21 minutes and 54 seconds.

Major events:
 Turn
    1: Ch3Begorrah the chaotic male human Rogue entered the dungeon
  926: entered the Gnomish Mines
  962: attained the rank of Cutpurse (level 3)
 2250: attained the rank of Rogue (level 6)
 2377: killed by a jaguar

You didn't know any spells.

Skills:
 Fighting Skills
   bare handed combat [Unskilled]
   two weapon combat  [Unskilled]
   riding             [Unskilled]
 Weapon Skills
   dagger             [Skilled]
   knife              [Unskilled]
   short sword        [Basic]
   broadsword         [Unskilled]
   long sword         [Unskilled]
   two-handed sword   [Unskilled]
   saber              [Unskilled]
   club               [Unskilled]
   mace               [Unskilled]
   morning star       [Unskilled]
   flail              [Unskilled]
   hammer             [Unskilled]
   polearms           [Unskilled]
   spear              [Unskilled]
   crossbow           [Unskilled]
   dart               [Unskilled]
   shuriken           [Unskilled]
 Spellcasting Skills
   divination spells  [Unskilled]
   escape spells      [Unskilled]
   matter spells      [Unskilled]

Voluntary challenges:
 Character rerolling was not enabled.
 You followed a strict vegan diet.
 You were an atheist.
 You never genocided any monsters.
 You never polymorphed an object.
 You never changed form.
 You used no wishes.
Achievements:
 You entered a shop.
 You entered the Gnomish Mines.
 You attained the rank of Cutpurse.
 You attained the rank of Rogue.

 The Dungeons of Doom: levels 1 to 8
    Level 1:
       A fountain.
    Level 2:
       A general store.
    Level 3:
       A general store, a fountain.
       Stairs down to The Gnomish Mines.
    Level 4:
       A potion shop.
    Level 5:
    Level 6: <- You were here.
       Final resting place for
          you, killed by a jaguar.
    Level 7:
    Level 8:
 The Gnomish Mines: levels 4 to 6
    Level 4:
    Level 5:
    Level 6:


Vanquished creatures:
  a lizard
  a raven
  4 gnome leaders
  a gray ooze
  3 dwarves
  3 hill orcs
  a rothe
  2 orc zombies
  a hobbit
  a large kobold
  a giant rat
  a brown mold
  3 yellow molds
 15 gnomes
  a gecko
  4 jackals
  a fox
  a kobold
  2 goblins
  7 grid bugs
  5 lichens
  a kobold zombie
  3 newts
63 creatures vanquished.

No species were genocided or became extinct.

Game over:
                       ----------
                      /          \
                     /    REST    \
                    /      IN      \
                   /     PEACE      \
                  /                  \
                  |   Ch3Begorrah    |
                  |      110 Au      |
                  |   killed by a    |
                  |      jaguar      |
                  |                  |
                  |                  |
                  |       2026       |
                 *|     *  *  *      | *
        _________)/\\_//(\/(/\)/\//\/|_)_______

Goodbye Ch3Begorrah the Rogue...

You died in The Dungeons of Doom on dungeon level 6 with 1823 points,
and 110 pieces of gold, after 2377 moves.
You were level 6 with a maximum of 39 hit points when you died.

